 Dungeon Crawl Stone Soup version 0.21.1-1-g345015f (webtiles) character file.

239 wojtek the Chopper (level 5, 0/45 HPs)
             Began as a Minotaur Fighter on June 3, 2018.
             Succumbed to Sigmund's poison
             ... on level 2 of the Dungeon.
             The game lasted 00:01:41 (1096 turns).

wojtek the Chopper (Minotaur Fighter)               Turns: 1096, Time: 00:01:42

Health: 0/45       AC:  8    Str: 22    XL:     5   Next: 79%
Magic:  4/4        EV:  7    Int:  5    God:
Gold:   61         SH:  9    Dex:  9    Spells: 4/4 levels left

rFire    . . .     SeeInvis .   a - +0 war axe
rCold    . . .     Gourm    .   c - +0 shield
rNeg     . . .     Faith    .   b - +0 scale mail
rPois    .         Spirit   .   (helmet restricted)
rElec    .         Reflect  .   l - +0 cloak
rCorr    .         Harm     .   (no gloves)
MR       .....                  (no boots)
Stlth    ..........             (no amulet)
HPRegen  0.15/turn              (no ring)
MPRegen  0.09/turn              (no ring)

@: lethally poisoned (0 -> -31), drained
A: retaliatory headbutt, horns 2
a: no special abilities


You were on level 2 of the Dungeon.
You were not hungry.

You visited 1 branch of the dungeon, and saw 2 of its levels.

You collected 61 gold pieces.

Inventory:

Hand Weapons
 a - a +0 war axe (weapon)
Armour
 b - a +0 scale mail (worn)
 c - a +0 shield (worn)
 l - a +0 cloak (worn)
Scrolls
 e - 2 scrolls of identify {unknown}
 j - a scroll of fog {unknown}
 k - a scroll of remove curse {unknown}
Potions
 d - a potion of might
 h - a potion of degeneration {unknown}
 i - a potion of heal wounds {unknown}
Comestibles
 f - a ration


   Skills:
 - Level 3.6(3.5) Fighting
 + Level 7.4 Axes
 - Level 3.6(3.5) Armour
 - Level 3.6(3.5) Shields


You had 4 spell levels left.
You didn't know any spells.

Dungeon Overview and Level Annotations

Branches:
Dungeon (2/15)

Altars:

Annotations:
D:2 Sigmund


Innate Abilities, Weirdness & Mutations

You reflexively headbutt those who attack you in melee.
You have a pair of horns on your head.


Message History

You closely miss Sigmund. Your headbutt misses Sigmund.
You feel sick.
Sigmund hits you with a scythe of venom.
You are more poisoned.
You hit Sigmund.
Sigmund is lightly wounded.
* * * LOW HITPOINT WARNING * * *
You feel very sick. Sigmund barely misses you.
You barely miss Sigmund.
Sigmund is lightly wounded.
* * * LOW HITPOINT WARNING * * *
You feel very sick.
You hit Sigmund. You headbutt Sigmund, but do no damage.
Sigmund is moderately wounded.
* * * LOW HITPOINT WARNING * * *
You feel very sick. Sigmund closely misses you. You furiously retaliate!
You headbutt Sigmund! You closely miss Sigmund.
Sigmund is severely wounded.
You die...

#...... #......###########.
#......#...........
#..................
...................
...#..............#
..................#
##.......@@.)%%.......
.....#....###....#....
.....#...........#. .
.>...#...........%...
..........................#
.........>................#
...........................#
..................>........#
...........................#


You could see Sigmund.

Vanquished Creatures
  4 wights (D:2)
  A crimson imp (D:2)
  An ooze (D:1)
  A worm (D:2)
  A dart slug (D:1)
  3 giant cockroaches
  4 goblins
  4 hobgoblins
  5 kobolds
  A quokka (D:2)
  2 ball pythons (D:1)
  6 bats
  2 frilled lizards
35 creatures vanquished.

Notes
Turn   | Place    | Note
-------+----------+-------------------------------------------
     0 | D:1      | wojtek the Minotaur Fighter began the quest for the Orb.
     0 | D:1      | Reached XP level 1. HP: 19/19 MP: 0/0
    74 | D:1      | Reached skill level 3 in Axes
   122 | D:1      | Reached XP level 2. HP: 24/26 MP: 1/1
   358 | D:1      | Reached skill level 4 in Axes
   802 | D:1      | Reached XP level 3. HP: 31/31 MP: 2/2
   853 | D:2      | Reached skill level 5 in Axes
   853 | D:2      | Reached XP level 4. HP: 22/39 MP: 3/3
   859 | D:2      | Reached skill level 6 in Axes
   884 | D:2      | Reached XP level 5. HP: 21/45 MP: 4/4
  1055 | D:2      | Reached skill level 7 in Axes
  1087 | D:2      | Noticed Sigmund
  1096 | D:2      | Succumbed to Sigmund's poison

Skill      XL: |  1  2  3  4  5 |
---------------+----------------+-----
Axes           | 3 4 5 6 7 |  7.4
Fighting       | |  3.6
Armour         | |  3.6
Shields        | |  3.6

Action                   |  1- 3 |  4- 6 || total
-------------------------+-------+-------++-------
Melee: War axe           |    59 |    48 ||   107
       Headbutt          |     9 |     7 ||    16
  Eat: Chunk             |       |     1 ||     1
Armor: Scale mail        |    23 |    14 ||    37
Dodge: Dodged            |    18 |    14 ||    32
Block: Shield            |    36 |    21 ||    57
